 Dungeon Crawl Stone Soup version 0.29-a0-9-g022ca4c890 (webtiles) character file.

Game seed: 4771719003671977908

2268 Destapler the Grave Robber (level 9, -8/66 HPs)
             Began as a Demonspawn Necromancer on Jan 28, 2022.
             Was a Believer of Vehumet.
             Mangled by a troll (16 damage)
             ... on level 6 of the Dungeon.
             The game lasted 00:22:54 (7350 turns).

Destapler the Grave Robber (Demonspawn Necromancer) Turns: 7350, Time: 00:22:54

Health: -8/66      AC:  5    Str:  8    XL:     9   Next: 16%
Magic:  1/15       EV: 14    Int: 17    God:    Vehumet [**....]
Gold:   260        SH:  0    Dex: 18    Spells: 10/16 levels left

rFire   . . .      SeeInvis .   h - +2 short sword (distort)
rCold   . . .      Faith    .   y - orb {*channel}
rNeg    . . .      Spirit   .   a - +0 robe
rPois   .          Reflect  .   (no helmet)
rElec   .          Harm     .   o - +0 cloak
rCorr   .          Rampage  .   (no gloves)
Will    .....                   (no boots)
Stlth   +++.......              (no amulet)
HPRegen 0.21/turn               (no ring)
MPRegen 0.14/turn               (no ring)

@: no status effects
A: hooves 1, demonic guardian 1, sharp scales 2
a: Renounce Religion


You were on level 6 of the Dungeon.
You worshipped Vehumet.
Vehumet was pleased with you.
You visited 1 branch of the dungeon, and saw 6 of its levels.

You collected 260 gold pieces.

Inventory:

Hand Weapons
 h - a +2 short sword of distortion (weapon)
Armour
 a - a +0 robe (worn)
 o - a +0 cloak (worn)
 p - a +3 leather armour of cold resistance
 y - an orb of energy (worn)
Jewellery
 z - an amulet of guardian spirit
Scrolls
 e - 6 scrolls of identify {unknown}
 f - 4 scrolls of blinking {unknown}
 g - a scroll of enchant weapon {unknown}
 i - 2 scrolls of torment {unknown}
 j - a scroll of fear {unknown}
 k - a scroll of immolation
 q - a scroll of holy word {unknown}
 s - 2 scrolls of teleportation {unknown}
 w - a scroll of noise {unknown}
 A - 2 scrolls of magic mapping {unknown}
Potions
 b - a potion of heal wounds {unknown}
 c - a potion of might
 d - a potion of magic {unknown}
 l - 2 potions of attraction {unknown}
 m - a potion of ambrosia {unknown}
 n - a potion of flight {unknown}
 r - a potion of haste {unknown}
 t - a potion of cancellation {unknown}
 u - a potion of lignification {unknown}
 v - a potion of berserk rage {unknown}
 x - a potion of mutation {unknown}


   Skills:
 + Level 4.4 Fighting
 + Level 3.8 Short Blades
 + Level 2.4 Armour
 + Level 4.5 Dodging
 + Level 4.9 Stealth
 - Level 4.0 Spellcasting
 + Level 2.7 Conjurations
 - Level 6.0 Necromancy
 + Level 3.8 Evocations


You had 10 spell levels left.
You knew the following spells:

 Your Spells              Type           Power      Damage    Failure   Level
a - Pain                  Necr           92%        1d8       1%          1
b - Vampiric Draining     Necr           23%        2d7       4%          3
c - Searing Ray           Conj           24%        2d5       8%          2

Your spell library contained the following spells:

 Spells                   Type           Power      Damage    Failure   Level
 Dazzling Flash           Conj/Hex       16%        N/A       26%         3
 Animate Skeleton         Necr           46%        N/A       1%          1
 Animate Dead             Necr           11%        N/A       13%         4
 Agony                    Necr           23%        N/A       36%         5
 Frozen Ramparts          Ice            6%         1d2       43%         3
 Ice Form                 Ice/Tmut       3%         N/A       83%         4
 Summon Ice Beast         Ice/Summ       3%         N/A       83%         4


Dungeon Overview and Level Annotations

Branches:
Dungeon (6/15)
 Temple: D:4-7

Altars:
Hepliaklqana
Vehumet
The Shining One

Shops:
D:4 !   D:5 *[


Innate Abilities, Weirdness & Mutations

You have large cloven feet.
A weak demonic guardian rushes to your aid.
You are mostly covered in razor-sharp scales. (AC +2, Slay +2)


Message History

The troll claws you. x2
The troll writhes in agony.
The troll bites you but does no damage. The troll claws you!
The troll closely misses you.
The troll writhes in agony.
The troll barely misses you. The troll claws you. The troll barely misses you.
The troll writhes in agony!
The troll bites you but does no damage. The troll barely misses you.
The troll claws you!
You draw life force from the troll.
You feel life coursing into your body. The troll barely misses you.
The troll closely misses you. The troll barely misses you.
You miscast Vampiric Draining.
You are very lightly contaminated with residual magic.
Nothing appears to happen.
The troll bites you but does no damage. The troll claws you. x2
* * * LOW HITPOINT WARNING * * *
You draw life force from the troll!
You feel life coursing into your body. The troll bites you!
* * * LOW HITPOINT WARNING * * *
The troll claws you!
* * * LOW HITPOINT WARNING * * *
A demonic guardian appears!
The troll claws you.
* * * LOW HITPOINT WARNING * * *
You barely miss the troll.
The troll is almost dead.
Your ufetubus hits the troll.
Your ufetubus closely misses the troll.
The troll bites your ufetubus!
Your ufetubus dies!
Your ufetubus disappears in a puff of smoke!
The troll shouts!
You hit the troll but do no damage.
Space warps around the troll.
The troll is almost dead.
The troll barely misses you. The troll claws you.
* * * LOW HITPOINT WARNING * * *
The troll barely misses you.
Unknown command.
Your magical contamination has completely faded away.
As you read the scroll labelled USSUTT VA GIS, it crumbles to dust.
The creatures around you are filled with an inner flame!
It was a scroll of immolation.
The troll bites you!
You die...

##########
#........#
#........#
#....@...#
#...T....#
#........#
#........#
########........#
.........>......#
########.......)#
#####'#######
#......#


You could see a troll (inner flame).

Vanquished Creatures
  Pikel (D:6)
  A wraith (D:6)
  Sigmund (D:6)
  Eustachio (D:4)
  Duvessa (D:4)
  An orc warrior (D:4)
  An ogre (D:5)
  A lemure (D:6)
  Dowan (D:4)
  A bullfrog zombie (D:6)
  A hound (D:6)
  2 centaur skeletons
  3 orc priests
  4 iguanas (D:5)
  An orc wizard (D:3)
  3 gnolls (D:4)
  10 adders
  A worm (D:4)
  3 dart slugs
  10 orcs
  A ball python (D:3)
  5 bats
  11 endoplasms
  2 giant cockroaches
  4 hobgoblins
  4 jackals (D:5)
  10 kobolds
  3 quokkas
  4 frilled lizards
  9 goblins
  4 rats
105 creatures vanquished.

Vanquished Creatures (collateral kills)
  Maggie (D:6)
  Menkaure (D:4)
2 creatures vanquished.

Grand Total: 107 creatures vanquished

Notes
Turn   | Place    | Note
-------+----------+-------------------------------------------
     0 | D:1      | Destapler the Demonspawn Necromancer began the quest for
                  | the Orb.
     0 | D:1      | Reached XP level 1. HP: 13/13 MP: 3/3
   584 | D:1      | Gained mutation: You are partially covered in razor-sharp
                  | scales. (AC +1, Slay +1) [demonic ancestry]
   584 | D:1      | Reached XP level 2. HP: 17/20 MP: 1/5
  1444 | D:2      | Reached skill level 1 in Fighting
  1524 | D:2      | Reached XP level 3. HP: 10/26 MP: 1/6
  2045 | D:2      | Gained mutation: A weak demonic guardian rushes to your
                  | aid. [demonic ancestry]
  2045 | D:2      | Reached XP level 4. HP: 25/32 MP: 3/7
  2603 | D:2      | Reached skill level 1 in Short Blades
  2697 | D:3      | Found a faded altar of an unknown god.
  2700 | D:3      | Prayed at the altar of an unknown god.
  2700 | D:3      | Became a worshipper of Vehumet
  2700 | D:3      | Reached * piety under Vehumet
  2700 | D:3      | Offered knowledge of Sandblast by Vehumet.
  3087 | D:3      | Reached XP level 5. HP: 29/38 MP: 4/8
  3164 | D:3      | Reached skill level 5 in Necromancy
  3454 | D:3      | Offered knowledge of Searing Ray by Vehumet.
  3630 | D:3      | Reached ** piety under Vehumet
  3816 | D:4      | Found Hughonom's Distillery.
  3880 | D:4      | Noticed Eustachio
  3893 | D:4      | Killed Eustachio
  3894 | D:4      | Gained mutation: You are mostly covered in razor-sharp
                  | scales. (AC +2, Slay +2) [demonic ancestry]
  3894 | D:4      | Reached XP level 6. HP: 40/46 MP: 7/10
  3993 | D:4      | Learned a level 3 spell: Vampiric Draining
  3996 | D:4      | Learned a level 2 spell: Searing Ray
  4054 | D:4      | Found a hazy altar of Hepliaklqana.
  4219 | D:4      | Noticed Menkaure
  4227 | D:4      | Killed Menkaure
  4863 | D:4      | Reached XP level 7. HP: 47/51 MP: 8/11
  4964 | D:4      | Noticed Dowan
  4965 | D:4      | Noticed Duvessa
  4975 | D:4      | Killed Duvessa
  4977 | D:4      | Killed Dowan
  5145 | D:5      | Entered Level 5 of the Dungeon
  5345 | D:5      | Found Wuhor's Armour Emporium.
  5970 | D:5      | Reached XP level 8. HP: 55/58 MP: 8/13
  6010 | D:5      | Reached skill level 1 in Armour
  6010 | D:5      | Reached skill level 1 in Conjurations
  6010 | D:5      | Reached skill level 6 in Necromancy
  6010 | D:5      | Reached skill level 1 in Evocations
  6196 | D:5      | Found Neowerus's Fire Supplies.
  6440 | D:6      | Noticed Sigmund
  6448 | D:6      | Killed Sigmund
  6568 | D:6      | Noticed Pikel
  6583 | D:6      | Killed Pikel
  6583 | D:6      | Offered knowledge of Dazzling Flash by Vehumet.
  6682 | D:6      | Gained mutation: You have large cloven feet. [demonic
                  | ancestry]
  6682 | D:6      | Reached XP level 9. HP: 65/65 MP: 15/15
  6682 | D:6      | Noticed Maggie
  6696 | D:6      | Killed Maggie
  7314 | D:6      | Noticed a troll
  7350 | D:6      | Mangled by a troll

Illustrated notes

Levels and vault maps discovered:
D:1:      heliophobic_arrival_ceremonial_halls, layout_loops_cross
D:2:      layout_loops_corners
D:3:      layout_loops_ring, nicolae_ecumenical_pavilion
D:4:      layout_loops_ring, gammafunk_temple_overflow_statue, serial_shops,
          nicolae_stop_n_shop_2, uniq_menkaure, uniq_duvessa, uniq_eustachio
D:5:      layout_cave_pools, serial_shops, shop, serial_bayou_ford_a,
          nicolae_shop_fire_sale [nicolae_sub_dead_trees]
D:6:      layout_basic, mainiacjoe_overflow_paths, chequers_jeans, uniq_pikel,
          uniq_maggie, uniq_sigmund

Skill      XL: |  1  2  3  4  5  6  7  8 |
---------------+-------------------------+-----
Stealth        | 2 3 4 |  4.9
Dodging        | 2 3 4 |  4.5
Fighting       | 1 2 3 4 |  4.4
Short Blades   | 1 2 3 |  3.8
Necromancy     | 5 6 |  6.0
Spellcasting   | 3 4 |  4.0
Armour         | 2 |  2.4
Conjurations   | 2 |  2.7
Evocations     | 3 |  3.8

Action                   |  1- 3 |  4- 6 |  7- 9 || total
-------------------------+-------+-------+-------++-------
Melee: Short sword       |    12 |    23 |    36 ||    71
       Dagger            |     3 |       |       ||     3
       Punch             |       |       |     1 ||     1
       Kick              |       |       |     2 ||     2
 Cast: Pain              |    62 |    72 |    60 ||   194
       Searing Ray       |       |     2 |     6 ||     8
       Vampiric Draining |       |       |     6 ||     6
  Use: Potion            |       |       |     1 ||     1
       Scroll            |       |       |     1 ||     1
 Stab: Sleeping          |     3 |     5 |     4 ||    12
Armor: Robe              |     4 |     4 |    17 ||    25
Dodge: Dodged            |    12 |    12 |    46 ||    70

Table legend: (Time is in decaauts)
 A = Elapsed time spent in this place.
 B = Non-inter-level travel time spent in this place.
 C = Inter-level travel time spent in this place.
 D = Time resting spent in this place.
 E = Time spent auto-exploring this place.
 F = Levels seen in this place.
 G = Mean time per level.
                   A        B        C        D        E       F      G
               +--------+--------+--------+--------+--------+-----+--------+
         Total |   7365 |   7099 |    266 |    554 |   5741 |   6 | 1227.5 |
       Dungeon |   7365 |   7099 |    266 |    554 |   5741 |   6 | 1227.5 |
               +--------+--------+--------+--------+--------+-----+--------+

Top non-repeatable levels by time:
     D:2: 1796 daAuts
     D:4: 1546 daAuts
     D:1: 1110 daAuts
     D:5: 1075 daAuts
     D:3: 918 daAuts
     D:6: 918 daAuts
